AoeStats
← Blazing Cartesia, The Virtuous

Arabia

507216387Analyzed
1v1 RM · 15d ago on Sep 17, 2026· 41m 1s· 2 players
Game mode
Random Map
Map size
Tiny (2 player)
Population
200
Speed
Normal
Resources
Standard
Victory
Conquest
Starting age
Dark Age
Ending age
Imperial Age
RankedLock teamsTeams togetherTeam positionsShared explorationLock speedFull tech treeHidden civsTurbo modeCheats
Victory
Defeat
1160
+17
🇹🇼 Armenians · Taiwan
1192
-17
Blazing Cartesia, The Virtuous
7:21 Loom
9:29 Feudal Age
10:07 Double-Bit Axe
12:45 Fletching
17:04 Padded Archer Armor
24:48 Castle Age
23:26 Horse Collar
23:51 Gold Mining
24:53 Crossbowman
25:42 Bodkin Arrow
29:07 Leather Archer Armor
29:18 Elite Skirmisher
31:16 Ballistics
31:29 Bow Saw
33:01 Stone Mining
33:12 Heavy Plow
33:25 Squires
34:21 Scale Mail Armor
36:18 Stone Shaft Mining
36:10 Chain Mail Armor
37:16 Forging
39:36 Wheelbarrow
40:47 Iron Casting
44:01 Imperial Age
spangopola
8:44 Loom
10:33 Feudal Age
11:19 Man-at-Arms
11:54 Double-Bit Axe
12:33 Long Swordsman
13:18 Loom
17:42 Scale Mail Armor
19:01 Fletching
20:32 Padded Archer Armor
22:19 Wheelbarrow
23:38 Horse Collar
27:00 Castle Age
25:51 Scale Barding Armor
26:00 Forging
27:17 Bloodlines
28:12 Elite Skirmisher
28:51 Bodkin Arrow
29:24 Husbandry
34:14 Chain Barding Armor
36:00 Iron Casting
35:43 Gold Mining
Connection lost

Rejoining the realm…

Still unreachable

The connection could not be restored.

Session expired

The server has moved on; the page needs a fresh start.